 Dungeon Crawl Stone Soup version 0.27.1-37-g7b29ead8ac (console) character file.

Game seed: 16615504727126689110

1229 grimtooth the Covert (level 8, -3/46 HPs)
             Began as an Octopode Hedge Wizard on May 26, 2023.
             Slain by a black bear (9 damage)
             ... on level 6 of the Dungeon.
             The game lasted 00:36:15 (8961 turns).

grimtooth the Covert (Octopode Hedge Wizard)        Turns: 8961, Time: 00:36:18

Health: -3/46      AC:  1    Str:  9    XL:     8   Next: 48%
Magic:  15/21      EV: 13    Int: 24    God:
Gold:   390        SH:  0    Dex: 12    Spells: 4/13 levels left

rFire    . . .     SeeInvis .   i - +2 whip (elec)
rCold    . . .     Faith    .   (no shield)
rNeg     . . .     Spirit   .   b - +0 hat
rPois    .         Reflect  .   (no amulet)
rElec    .         Harm     .   j - ring of magical power
rCorr    .         Rampage  .   x - +6 ring of intelligence
Will     .....                  (no ring)
Stlth    +++++.....             (no ring)
HPRegen  0.15/turn              (no ring)
MPRegen  0.17/turn              (no ring)
                                (no ring)
                                (no ring)

@: no status effects
A: almost no armour, amphibious, 8 rings, camouflage 1, gelatinous body 1,
(nimble swimmer 1), tentacles
a: no special abilities


You were on level 6 of the Dungeon.
You visited 1 branch of the dungeon, and saw 8 of its levels.
You also visited: Ossuary.

You collected 423 gold pieces.
You spent 33 gold pieces at shops.

Inventory:

Hand Weapons
 a - a +0 dagger
 i - a +2 whip of electrocution (weapon)
 p - a +2 flail of protection
 s - a +3 whip
 v - a +1 short sword of venom
 C - a +2 rapier of freezing
Missiles
 c - 57 sling bullets
 d - 46 stones
 m - 24 poisoned darts (quivered)
 o - 2 throwing nets {=f}
 u - 4 silver boomerangs
 F - 2 atropa-tipped darts
Armour
 b - a +0 hat (worn)
Jewellery
 j - a ring of magical power (left tentacle)
 x - a +6 ring of intelligence (right tentacle)
Wands
 y - a wand of flame (19)
 D - a wand of polymorph (5)
Scrolls
 e - 2 scrolls of silence {unknown}
 h - a scroll of teleportation
 k - 2 scrolls of fear {unknown}
 q - 3 scrolls of identify {unknown}
 r - a scroll of immolation
 z - 3 scrolls of magic mapping {unknown}
 A - 3 scrolls of noise {unknown}
 B - 3 scrolls of amnesia {unknown}
 E - a scroll of vulnerability {unknown}
 N - 2 scrolls of enchant armour {unknown}
 O - 2 scrolls of enchant weapon {unknown}
Potions
 f - 3 potions of curing
 g - 3 potions of cancellation {unknown}
 l - 5 potions of mutation {unknown}
 n - a potion of brilliance {unknown}
 t - a potion of might {unknown}
 w - 5 potions of degeneration {unknown}
 G - a potion of haste {unknown}
 H - a potion of flight {unknown}
 I - a potion of heal wounds {unknown}
 J - a potion of attraction {unknown}
 K - a potion of magic {unknown}
 L - a potion of resistance {unknown}
 M - a potion of lignification {unknown}


   Skills:
 - Level 2.0 Dodging
 * Level 8.3 Stealth
 - Level 3.0 Spellcasting
 - Level 6.0 Conjurations
 * Level 5.6 Summonings
 - Level 1.0 Translocations


You had 4 spell levels left.
You knew the following spells:

 Your Spells              Type           Power      Damage    Failure   Level
a - Magic Dart            Conj           100%       1d8       1%          1
b - Conjure Flame         Conj/Fire      18%        6-21      10%         3
c - Mephitic Cloud        Conj/Pois/Air  13%        N/A       14%         3
M - Call Imp              Summ           30%        N/A       1%          2

Your spell library contained the following spells:

 Spells                   Type           Power      Damage    Failure   Level
 Blink                    Tloc           N/A        N/A       11%         2
 Slow                     Hex            3%         N/A       16%         2


Dungeon Overview and Level Annotations

Branches:
Dungeon (8/15)            Ossuary (visited)
 Temple: D:4-7         Lair: D:8-11

Altars:
Gozag
Vehumet

Shops:
D:5 !

Annotations:
D:7 exclusion: hound


Innate Abilities, Weirdness & Mutations

You cannot wear most types of armour.
You are amphibious.
You can wear up to eight rings at the same time.
Your skin changes colour to match your surroundings (Stealth+).
Your rubbery body absorbs attacks. (AC +1, EV +1)
((You are camouflaged near water. (Stealth+)))
You have tentacles for arms and can constrict up to eight enemies at once.


Message History

Aim: a black bear (severely wounded, berserk, 100% to hit)
The magic dart hits the black bear.
The black bear is almost dead.
The black bear barely misses you. x2; The black bear claws you.
The black bear bites you! The black bear claws you. x2
You closely miss the black bear. Your grab misses the black bear.
The black bear is almost dead.
The black bear bites you!
* * * LOW HITPOINT WARNING * * *
The black bear misses you. The black bear claws you.
* * * LOW HITPOINT WARNING * * *
Unknown command.
Press: ? - help, v - describe, . - travel, g - get item
Here: a black bear (almost dead, berserk) Item here: a black bear corpse.
The floor.
Enter note: - oops it went out
Okay, then.
Press: ? - help, v - describe, . - travel, g - get item
Here: a black bear (almost dead, berserk) Item here: a black bear corpse.
The floor.
Press: ? - help, v - describe, . - travel, g - get item
Here: a black bear (almost dead, berserk) Item here: a black bear corpse.
The floor.
You feel better. The black bear barely misses you. The black bear claws you.
* * * LOW HITPOINT WARNING * * *
The black bear barely misses you. The black bear bites you.
* * * LOW HITPOINT WARNING * * *
The black bear closely misses you. The black bear misses you.
Casting: Magic Dart (safe; 1% risk of failure)
Confirm with . or Enter, or press ? or * to list all spells.
Aiming: Magic Dart (safe; 1% risk of failure)
Press: ? - help, Shift-Dir - straight line, f/p - black bear
Aim: a black bear (almost dead, berserk, 100% to hit)
The magic dart hits the black bear.
The black bear is almost dead.
The black bear bites you!
You die...

.......### ##....###..#........
##......(#####.....##.....##.....
##................###............
#...#...##...................#...
#..##.†...#..#...##.........##...
#.##......#..#....##........##...
#.................##...####......
.............#....#....####......
..[........###...####.###.<......
##...........#.#h####.##..####...
##...........##@.....#...#####..
##..##...................#.##..
#.####..#.....####............
####...##..#### ##.......####
#....#..### ##........# #
###........####.........####
##............#....>.....##..
##..........................5.
#..........######...........##
##.....#.................##...
###.....##.#..##................


You could see a black bear (berserk).

Vanquished Creatures
  A water moccasin (D:7)
  A hornet zombie (D:6)
  A black bear (D:6)
  A centaur (D:7)
  An ogre (D:5)
  A bullfrog (D:7)
  A water moccasin skeleton (D:4)
  A bullfrog zombie (D:6)
  A centaur zombie (D:7)
  2 jellies
  2 orc priests
  A bullfrog skeleton (D:6)
  2 centaur skeletons
  2 iguanas
  2 orc wizards (D:3)
  4 mummies (Ossuary)
  5 adders
  4 gnolls
  An adder skeleton (D:4)
  2 worms (D:2)
  4 dart slugs
  10 orcs
  8 endoplasms
  2 giant cockroaches (D:2)
  11 goblins
  7 hobgoblins
  4 jackals (D:1)
  9 kobolds
  A quokka (D:2)
  8 ball pythons
  5 bats
  A frilled lizard (D:3)
  3 hobgoblin zombies (Ossuary)
  An orc zombie (Ossuary)
  5 rats
115 creatures vanquished.

Vanquished Creatures (collateral kills)
  A gnoll shaman (D:3)
  4 mummies (Ossuary)
  3 gnolls
  2 orcs (D:3)
  2 gnoll zombies (Ossuary)
  A kobold zombie (Ossuary)
  An orc zombie (Ossuary)
14 creatures vanquished.

Grand Total: 129 creatures vanquished

Notes
Turn   | Place    | Note
-------+----------+-------------------------------------------
     0 | D:1      | grimtooth the Octopode Hedge Wizard began the quest for the
                  | Orb.
     0 | D:1      | Reached XP level 1. HP: 11/11 MP: 4/4
   413 | D:1      | Reached XP level 2. HP: 17/17 MP: 4/6
  1186 | D:1      | Reached XP level 3. HP: 21/21 MP: 4/7
  1365 | D:2      | Learned a level 2 spell: Call Imp
  1849 | D:2      | Reached skill level 3 in Stealth
  2065 | D:2      | Reached XP level 4. HP: 21/27 MP: 8/8
  3273 | D:3      | Reached XP level 5. HP: 31/31 MP: 8/9
  3420 | D:3      | Found a radiant altar of Vehumet.
  3585 | D:3      | Found a faded altar of an unknown god.
  3772 | D:3      | - thats a bad trap
  3807 | D:3      | Reached skill level 4 in Stealth
  4761 | D:3      | Reached XP level 6. HP: 32/36 MP: 10/10
  5624 | D:4      | Reached skill level 5 in Stealth
  6250 | D:5      | Entered Level 5 of the Dungeon
  6398 | D:5      | Reached skill level 6 in Stealth
  6398 | D:5      | Reached skill level 5 in Conjurations
  6402 | D:5      | Learned a level 3 spell: Conjure Flame
  6406 | D:5      | Learned a level 3 spell: Mephitic Cloud
  6443 | D:5      | Found Zeaf's Distillery.
  6452 | D:5      | Bought a potion of curing for 33 gold pieces
  6654 | D:5      | Reached XP level 7. HP: 41/41 MP: 11/11
  6731 | D:5      | You fall into a shaft and drop 3 floors!
  6786 | D:6      | - not ALL the portals
  6861 | D:7      | - whats the likely payoff...
  7112 | D:7      | - oh i'm gettin neither
  7304 | D:7      | Found a sand-covered staircase.
  7312 | Ossuary  | Entered an ossuary
  7324 | Ossuary  | - one at least... i think this has decent loot
  7638 | D:7      | - long way to an upstair
  7650 | D:6      | - drat!
  7705 | D:6      | Reached XP level 8. HP: 46/46 MP: 12/12
  7737 | D:6      | Reached skill level 7 in Stealth
  7825 | D:6      | Found an opulent altar of Gozag.
  8014 | D:6      | Reached skill level 5 in Summonings
  8062 | D:6      | You fall into a shaft and drop 1 floor!
  8063 | D:7      | - really
  8735 | D:7      | Reached skill level 8 in Stealth
  8960 | D:6      | - oops it went out
  8961 | D:6      | Slain by a black bear

Illustrated notes #. #.##### #. #.#.... #.####### #.#.### ......o## ########.#.#.# #......oo #............. #####.# # #. #........#.### #.....# #o#o #........#.... #.###.####.#.####........##### #.#.##.....#o......#####'#...... #.#.##.###.#....o..# #.####### #.#....# #.#...@...# #.# #.#.#.## #.#.#.......# #.# #.#.#.####.# #######.# #.# #.#......#.# #.# #.# ##.###.##.#.# #.# #.# 5..gg..<...<# #.# #.# ##.###.#..### #.# #.# #.##.....# #.# #.# #.######## #.###.# #.. #.....# ####### ####### Turn 3772 on D:3: - thats a bad trap ## #. ##. #.. ## ###.##..## #...@....# ##.......# ###......(# #........ ...#...## ..##..... .## .... #. .... Turn 6786 on D:6: - not ALL the portals #.#.# #.####.#.### #....).....# ############.#.#.# ..........####.#.# ...##..........#.# .<.##........###'## ...##........##...# ...##........##...# ............###...# .############ #.@.# .# #...# .# #...# .# #.....## ## #.....# #.....# #....$. .......# ######### Turn 6861 on D:7: - whats the likely payoff... ####### #.....# #.# #.# ###.# #.#.# ..#.# #.#.# #.#.# #.#.# #.#.# #.#.#. #############.#.###.#.#. ...........$..#.......#. #..@......#####.#... ######.....†........ ####..####.#.#. #........... #..######.## #........... ##.######... ........... ........... .......... .......... Turn 7112 on D:7: - oh i'm gettin neither ...... #....# #....# #....# #....# #.55.# #.5..# #@...# #....# #.∩∩.# ###### Turn 7324 on Ossuary: - one at least... i think this has decent loot #.# #.# #.# #.# #.# #.# ########## #.# .........# #.# #######.## ####### #.# #.# ##.....## ##.##### #.# #8..@..8# #......# #.# ##?....## #.###### ######.# ###.### #.# #......# #.# #.# ####.###########∩########.# #.....# .................# #.##..# .......$.........# #?....# ................## ###...# ...........###### ###...# ########...# ..<...# #...# Turn 7638 on D:7: - long way to an upstair ## #. ##. #.. ## ###.##..## #...@....# ##.......# ###......(# #........ ...#...## ..##..... .## .... #. .... Turn 7650 on D:6: - drat! #.....))... #######.#.. #.#.. .........(...+ #.#.. ....(........+ #.##. .......Z.....# #.### ###....####..# #.# ###l...####..# #.# ###....####..# #.# ###....####..# #.### .o.....@.....# #.... ..o..........# ##### ####++######## Turn 8063 on D:7: - really

.......### ##....###..#........
##......(#####.....##.....##.....
##................###............
#...#...##...................#...
#..##.†...#..#...##.........##...
#.##......#..#....##........##...
#.................##...####......
.............#....#....####......
..[........###...####.###.<......
##...........#.#h####.##..####...
##...........##@.....#...#####..
##..##...................#.##..
#.####..#.....####............
####...##..#### ##.......####
#....#..### ##........# #
###........####.........####
##............#....>.....##..
##..........................5.
#..........######...........##
##.....#.................##...
###.....##.#..##................


Turn 8960 on D:6: - oops it went out

Levels and vault maps discovered:
D:1:      amcnicky_arrival_abandoned_market, layout_basic,
          minmay_misc_feat_five, serial_park_tiny_2, minmay_liquid_box
D:2:      layout_basic, roderic_serpentine_path
D:3:      layout_basic, mainiacjoe_overflow_catwalk,
          hellmonk_ecumenical_altar_blasted
D:4:      layout_loops_cross, kennysheep_decorative_pillar
D:5:      layout_loops_corners, temple_fountains, serial_shops,
          nicolae_square_shop, dk_rats_in_the_wall
D:6:      layout_cave_pools, lemuel_tele_altar, lemuel_doored_altar,
          gup_sewer_entry_glass
D:7:      layout_basic, nicolae_wu_jian_immortal_techniques,
          chequers_ossuary_entry_cave, kennysheep_dice
D:8:      layout_loops_cross, roderic_batcave, hangedman_misty_isle, uniq_grum,
          uniq_harold

Skill      XL: |  1  2  3  4  5  6  7  8 |
---------------+-------------------------+-----
Conjurations   | 2 3 4 5 6 |  6.0
Stealth        | 3 4 6 8 |  8.3
Summonings     | 2 3 4 5 |  5.6
Dodging        | |  2.0
Spellcasting   | |  3.0
Translocations | |  1.0

Action                   |  1- 3 |  4- 6 |  7- 9 || total
-------------------------+-------+-------+-------++-------
Melee: Whip              |       |     6 |    31 ||    37
       Tentacles         |       |     1 |     8 ||     9
       Constrict         |       |       |     7 ||     7
 Cast: Magic Dart        |    99 |   174 |   107 ||   380
       Call Imp          |       |    19 |    18 ||    37
       Conjure Flame     |       |       |     4 ||     4
       Mephitic Cloud    |       |       |     1 ||     1
  Use: Scroll            |       |       |     2 ||     2
       Potion            |       |       |     3 ||     3
 Stab: Sleeping          |       |       |     1 ||     1
Armor: Skin              |       |     2 |     2 ||     4
Dodge: Dodged            |     1 |    21 |    38 ||    60
